 Dungeon Crawl Stone Soup version 0.29.1-15-g9cfb28693d (webtiles) character file.

Game seed: 13320529143648607864

23334 LustLizard the Severer (level 13, 0/99 HPs)
             Began as a Hill Orc Fire Elementalist on Feb 28, 2023.
             Was a High Priest of Okawaru.
             Slain by a komodo dragon (23 damage)
             ... on level 2 of the Lair of Beasts.
             The game lasted 00:39:13 (19415 turns).

LustLizard the Severer (HOFE)                      Turns: 19415, Time: 00:39:13

Health: 0/99       AC: 18    Str: 16    XL:     13   Next: 6%
Magic:  14/20      EV: 11    Int: 22    God:    Okawaru [*****.]
Gold:   350        SH:  0    Dex: 11    Spells: 5/20 levels left

rFire   . . .      SeeInvis .   G - +5 war axe
rCold   . . .      Faith    .   (no shield)
rNeg    . . .      Spirit   .   v - +0 ring mail
rPois   +          Reflect  .   q - +1 helmet
rElec   +          Harm     .   z - +2 cloak
rCorr   +          Rampage  .   s - +5 pair of gloves "Fadya" {rCorr}
Will    .....                   (no boots)
Stlth   ++........              H - amulet of Pisac {RegenMP +Inv rElec rF- Int+3}
HPRegen 0.26/turn               L - ring "Gues" {rElec rF+ Int+4}
MPRegen 0.57/turn               l - ring of poison resistance

@: no status effects
A: no striking features
a: Renounce Religion, Evoke Invisibility, Heroism, Finesse, Duel


You were on level 2 of the Lair of Beasts.
You worshipped Okawaru.
Okawaru was extremely pleased with you.
You visited 2 branches of the dungeon, and saw 14 of its levels.
You also visited: Bailey.

You collected 918 gold pieces.
You spent 568 gold pieces at shops.

Inventory:

Hand Weapons
 G - a +5 war axe (weapon)
Missiles
 i - 34 poisoned darts
 r - 4 throwing nets
Armour
 q - a +1 helmet (worn)
 s - the +5 pair of gloves "Fadya" (worn) {rCorr}
   (You acquired it in a bailey)

   rCorr:     It protects you from acid and corrosion.
 v - a +0 ring mail (worn)
 z - a +2 cloak (worn)
 M - the +4 plate armour of the Known World {*Corrode rC++}
   (Okawaru gifted it to you on level 12 of the Dungeon)

   rC:        It greatly protects you from cold.
   *Corrode:  It may corrode you when you take damage.
Jewellery
 e - an amulet of regeneration
 h - a ring of resist corrosion
 l - a ring of poison resistance (right hand)
 H - the amulet of Pisac (around neck) {RegenMP +Inv rElec rF- Int+3}
   (You acquired it in a bailey)

   [amulet of magic regeneration]

   It increases your rate of magic regeneration.
   Int:       It affects your intelligence (+3).
   rF:        It makes you vulnerable to fire.
   rElec:     It insulates you from electricity.
   +Inv:      It lets you turn invisible.
 L - the ring "Gues" (left hand) {rElec rF+ Int+4}
   (You bought it in a shop on level 1 of the Dungeon)

   [ring of protection from fire]

   Int:       It affects your intelligence (+4).
   rF:        It protects you from fire.
   rElec:     It insulates you from electricity.
Wands
 y - a wand of paralysis (7)
Scrolls
 c - a scroll of brand weapon {unknown}
 d - a scroll of torment {unknown}
 f - a scroll of amnesia {unknown}
 k - a scroll of magic mapping {unknown}
 p - 3 scrolls of vulnerability {unknown}
 t - 2 scrolls of silence {unknown}
 w - a scroll of poison
 x - 2 scrolls of teleportation {unknown}
 B - a scroll of immolation
 C - 2 scrolls of enchant armour
 I - a scroll of noise {unknown}
 N - a scroll of enchant weapon {unknown}
Potions
 a - 2 potions of might
 b - 3 potions of magic
 g - 3 potions of attraction
 j - 3 potions of brilliance
 m - 3 potions of flight
 n - 2 potions of degeneration
 u - 2 potions of curing
 A - 3 potions of heal wounds
 D - 3 potions of berserk rage
 E - 2 potions of lignification
 K - a potion of mutation


   Skills:
 + Level 4.8 Fighting
 * Level 15.1 Axes
 + Level 5.9 Armour
 - Level 1.5 Dodging
 - Level 4.0 Stealth
 - Level 4.2 Spellcasting
 - Level 8.6 Conjurations
 - Level 2.0 Hexes
 - Level 11.4 Fire Magic
 * Level 10.3 Invocations


You had 5 spell levels left.
You knew the following spells:

 Your Spells              Type           Power      Damage    Failure   Level
a - Foxfire               Conj/Fire      100%       2x1d9     1%          1
b - Scorch                Fire           100%       2d10      1%          2
c - Inner Flame           Hex/Fire       34%        N/A       3%          3
d - Fireball              Conj/Fire      24%        3d11      9%          5
e - Flame Wave            Conj/Fire      48%        2d12      3%          4

Your spell library contained the following spells:

 Spells                   Type           Power      Damage    Failure   Level
 Conjure Flame            Conj/Fire      48%        6-21      1%          3
 Iskenderun's Battlesphe  Conj           42%        2d9       16%         5
 Mephitic Cloud           Conj/Pois/Air  17%        N/A       17%         3
 Ensorcelled Hibernation  Hex/Ice        18%        N/A       19%         2
 Gell's Gravitas          Tloc           4%         N/A       50%         3
 Lesser Beckoning         Tloc           4%         N/A       50%         3
 Spider Form              Tmut/Pois      4%         N/A       50%         3
 Teleport Other           Tloc           4%         N/A       50%         3
 Anguish                  Hex/Necr       4%         N/A       77%         4
 Starburst                Conj/Fire      24%        6d8       43%         6
 Conjure Ball Lightning   Conj/Air       11%        3x3d6     99%         6
 Orb of Destruction       Conj           21%        9d8       99%         7


Dungeon Overview and Level Annotations

Branches:
Dungeon (12/15)            Temple (0/1) D:7            Lair (2/5) D:9
    Orc (0/2) D:10         Bailey (visited)
  Swamp: Lair:2-3    Shoals: Lair:2-3     Snake: Lair:2-3    Spider: Lair:2-3

Altars:
Ashenzari
Nemelex Xobeh
Okawaru
Trog
Uskayaw
The Shining One

Shops:
D:1 =   D:4 [

Portals:
Trove: D:11 (give horn of Geryon)

Annotations:
D:9 exclusion: ugly thing
D:12 2 transporters, Frances; jtron's ghost, journeyman GnWn


Message History

Unknown command.
Casting: Foxfire (safe; 1% risk of failure)
Confirm with . or Enter, or press ? or * to list all spells.
Flames lash the komodo dragon.
The komodo dragon is heavily wounded.
The komodo dragon's fire resistance burns away.
The foxfire hits the cane toad.
The cane toad is heavily wounded.
The foxfire hits the komodo dragon.
The komodo dragon is burned terribly!
The komodo dragon is severely wounded.
The cane toad stings you!
The komodo dragon completely misses you.
Casting: Scorch (safe; 1% risk of failure)
Confirm with . or Enter, or press ? or * to list all spells.
Flames lash the komodo dragon.
The komodo dragon is burned terribly!
The komodo dragon is severely wounded.
The cane toad stings you! The komodo dragon bites you.
Casting: Scorch (safe; 1% risk of failure)
Confirm with . or Enter, or press ? or * to list all spells.
Flames lash the cane toad.
The cane toad is almost dead.
The cane toad's fire resistance burns away.
The cane toad misses you. The komodo dragon bites you.
The cane toad stings you!
* * * LOW HITPOINT WARNING * * *
Okay, then.
You feel much better. The cane toad stings you!
The komodo dragon closely misses you.
You barely miss the cane toad.
The cane toad is almost dead.
You hit the komodo dragon. The cane toad closely misses you.
You closely miss the cane toad.
The cane toad is almost dead.
You barely miss the komodo dragon. The komodo dragon bites you!
* * * LOW HITPOINT WARNING * * *
The cane toad closely misses you.
You hit the cane toad but do no damage.
The cane toad is almost dead.
You completely miss the komodo dragon. The komodo dragon bites you!!
You die...

.....#......##
.............#<
...............
...............
...............
...............
#...l.[.....
#..@F......
#..........
##.........
#P#....... ##
#...... ......
#..... .....


You could see a komodo dragon (combustible) and a cane toad (combustible).

Vanquished Creatures
  An ogre mage (D:11)
  A boulder beetle (D:12)
  6 two-headed ogres
  A tengu warrior (D:12)
  An orc knight (Bailey)
  4 elephants
  3 black mambas (Lair:1)
  A gargoyle (D:12)
  A cane toad (Lair:1)
  An unseen horror (D:11)
  A kobold demonologist (Bailey)
  A rime drake (Lair:1)
  A yaktaur (shapeshifter) (D:12)
  2 komodo dragons (Lair:1)
  A tengu conjurer (D:12)
  4 trolls
  A hornet (D:8)
  9 blink frogs (Lair:1)
  Sigmund (D:6)
  A wyvern (D:9)
  19 yaks
  A warg (D:10)
  10 vampire mosquitoes
  6 water moccasins
  15 orc warriors
  An ice beast (D:5)
  2 sky beasts (D:6)
  A black bear (D:4)
  An ogre (D:11)
  3 wolves (Lair:1)
  4 kobold brigands
  4 bullfrogs
  A gnoll sergeant (D:12)
  2 scorpions
  3 necrophages
  9 wights
  14 killer bees
  4 electric eels (Bailey)
  5 hounds
  3 orc priests
  A jelly (D:7)
  5 iguanas
  10 orc wizards
  9 adders
  21 gnolls
  A shadow imp (D:8)
  3 white imps (D:6)
  2 dart slugs (D:4)
  46 orcs
  9 ball pythons
  6 endoplasms
  3 giant cockroaches
  7 hobgoblins
  3 jackals (D:1)
  25 kobolds
  5 quokkas
  3 bats
  4 frilled lizards
  14 goblins
  3 rats
330 creatures vanquished.

Vanquished Creatures (collateral kills)
  3 foxfires
3 creatures vanquished.

Vanquished Creatures (others)
  900 foxfires
  2 fungi (Lair:1)
  7 plants
909 creatures vanquished.

Grand Total: 1242 creatures vanquished

Notes
Turn   | Place    | Note
-------+----------+-------------------------------------------
     0 | D:1      | LustLizard the Hill Orc Fire Elementalist began the quest
                  | for the Orb.
     0 | D:1      | Reached XP level 1. HP: 14/14 MP: 3/3
   331 | D:1      | Found Gixasaek's Jewellery Shop.
   458 | D:1      | Reached XP level 2. HP: 22/22 MP: 1/4
   699 | D:1      | Learned a level 2 spell: Scorch
  1494 | D:1      | Reached XP level 3. HP: 22/27 MP: 1/5
  1745 | D:2      | Reached skill level 1 in Fighting
  2306 | D:3      | Reached XP level 4. HP: 35/35 MP: 3/7
  2467 | D:3      | Found a glowing golden altar of the Shining One.
  2710 | D:3      | Found an iron altar of Okawaru.
  2721 | D:3      | Found a hide-covered altar of Uskayaw.
  3143 | D:3      | Reached XP level 5. HP: 38/41 MP: 8/8
  3147 | D:3      | You fall into a shaft and drop 2 floors!
  3147 | D:5      | Entered Level 5 of the Dungeon
  3560 | D:3      | Became a worshipper of Warmaster Okawaru
  3659 | D:4      | Noticed a black bear
  3670 | D:4      | HP: 1/41 [black bear (3)]
  3671 | D:4      | Killed a black bear
  3672 | D:4      | Reached XP level 6. HP: 3/50 MP: 6/9
  3765 | D:4      | Reached skill level 5 in Fire Magic
  4091 | D:4      | Found Oxeweib's Armour Shoppe.
  4157 | D:4      | Found a sparkling altar of Nemelex Xobeh.
  4320 | D:5      | Noticed an ice beast
  4363 | D:5      | Noticed a water moccasin
  4365 | D:5      | Reached * piety under Okawaru
  4366 | D:5      | Reached XP level 7. HP: 57/57 MP: 7/10
  4858 | D:5      | Reached XP level 8. HP: 66/66 MP: 5/12
  5496 | D:6      | Reached ** piety under Okawaru
  5497 | D:6      | Reached skill level 1 in Axes
  5682 | D:6      | Reached skill level 2 in Axes
  5842 | D:6      | Reached skill level 3 in Axes
  5943 | D:6      | Noticed Sigmund
  6386 | D:6      | Learned a level 3 spell: Inner Flame
  6623 | D:6      | Killed Sigmund
  6623 | D:6      | Reached *** piety under Okawaru
  6624 | D:6      | Reached skill level 4 in Axes
  6624 | D:6      | Reached skill level 1 in Invocations
  6624 | D:6      | Reached XP level 9. HP: 73/73 MP: 8/14
  6690 | D:7      | Found a staircase to the Ecumenical Temple.
  6698 | D:7      | Reached skill level 1 in Hexes
  6737 | D:7      | Reached skill level 5 in Axes
  7362 | D:7      | Reached skill level 6 in Axes
  8312 | D:8      | Noticed a troll
  8316 | D:8      | Killed a troll
  8317 | D:8      | Reached skill level 7 in Axes
  8398 | D:8      | Got Isuoc's Exposition on Concussion
  8474 | D:8      | Noticed a hornet
  8485 | D:8      | Killed a hornet
  8485 | D:8      | Reached **** piety under Okawaru
  8621 | D:8      | Identified the +10 great sword of Fedhas {antimagic, Fly
                  | Int+2}
  8718 | D:8      | Reached skill level 8 in Axes
  8718 | D:8      | Reached XP level 10. HP: 66/80 MP: 13/16
  8736 | D:8      | Reached skill level 5 in Invocations
  8748 | D:8      | Reached skill level 5 in Conjurations
  9341 | D:9      | Reached skill level 9 in Axes
  9402 | D:9      | Found a flagged portal.
  9430 | D:9      | Noticed a two-headed ogre
  9442 | D:9      | Killed a two-headed ogre
  9442 | D:9      | Reached ***** piety under Okawaru
  9490 | Bailey   | Entered a bailey
  9730 | Bailey   | Noticed a kobold demonologist
  9742 | Bailey   | Killed a kobold demonologist
  9781 | Bailey   | Reached skill level 10 in Axes
  9877 | Bailey   | Found an iron altar of Okawaru.
  9879 | Bailey   | Noticed an orc knight
  9879 | Bailey   | Noticed an orc sorcerer
  9949 | Bailey   | Killed an orc knight
 10203 | Bailey   | Acquired the amulet of Pisac {RegenMP +Inv rElec rF- Int+3}
 10215 | Bailey   | Acquired the +5 pair of gloves "Fadya" {rCorr}
 10729 | D:9      | Noticed a white ugly thing
 10789 | D:9      | Received a gift from Okawaru
 10799 | D:9      | Reached XP level 11. HP: 72/81 MP: 13/17
 10851 | D:9      | Noticed a two-headed ogre
 10859 | D:9      | Killed a two-headed ogre
 10860 | D:9      | Reached skill level 11 in Axes
 10895 | D:9      | Found a staircase to the Lair.
 11697 | D:9      | Learned a level 5 spell: Fireball
 11702 | D:9      | Learned a level 4 spell: Flame Wave
 11716 | D:10     | Entered Level 10 of the Dungeon
 12099 | D:10     | Found a broken altar of Ashenzari.
 12276 | D:10     | Reached skill level 1 in Armour
 12574 | D:10     | Found a staircase to the Orcish Mines.
 12803 | D:10     | Identified the +5 dagger of Perversion {vorpal, Fly Will+
                  | Str+6 Dex-3}
 12843 | D:10     | Identified the +10 rapier "Goblinslayer" {vorpal, rC+ rN+
                  | Str+7 Int-3} (Okawaru gifted it to you on level 10 of the
                  | Dungeon)
 12843 | D:10     | Received a gift from Okawaru
 13145 | D:10     | Reached skill level 10 in Fire Magic
 13261 | D:11     | Noticed a two-headed ogre
 13272 | D:11     | Reached skill level 12 in Axes
 13283 | D:11     | Noticed a two-headed ogre
 13283 | D:11     | Noticed a two-headed ogre
 13284 | D:11     | Noticed a two-headed ogre
 13285 | D:11     | Noticed an ogre mage
 13301 | D:10     | Killed a two-headed ogre
 13796 | D:11     | Found a portal to a secret trove of treasure.
 14024 | D:11     | Killed an ogre mage
 14028 | D:11     | Killed a two-headed ogre
 14095 | D:11     | Killed a two-headed ogre
 14095 | D:11     | Killed a two-headed ogre
 14096 | D:11     | Reached skill level 13 in Axes
 14096 | D:11     | Reached XP level 12. HP: 22/93 MP: 6/18
 15166 | D:12     | Noticed a boulder beetle
 15454 | D:1      | Bought the ring "Gues" {rElec rF+ Int+4} for 568 gold
                  | pieces
 15641 | Lair:1   | Entered Level 1 of the Lair of Beasts
 15745 | D:12     | Killed a boulder beetle
 16003 | D:12     | Identified the +4 plate armour of the Known World {*Corrode
                  | rC++} (Okawaru gifted it to you on level 12 of the Dungeon)
 16003 | D:12     | Received a gift from Okawaru
 16258 | D:12     | Noticed a tengu warrior
 16267 | D:12     | Killed a tengu warrior
 16782 | D:12     | Noticed Frances
 17184 | D:12     | Found a bloodstained altar of Trog.
 17184 | D:12     | Noticed jtron's ghost (journeyman GnWn)
 17185 | D:12     | Noticed a two-headed ogre
 17197 | D:12     | Found a transporter.
 17203 | D:12     | Found a transporter.
 17206 | D:12     | Noticed a two-headed ogre
 17490 | D:9      | Reached skill level 14 in Axes
 17704 | Arena    | Entered the Arena
 17752 | D:9      | Reached skill level 5 in Armour
 18554 | Lair:1   | Reached skill level 10 in Invocations
 19089 | Lair:1   | Reached XP level 13. HP: 99/99 MP: 16/20
 19245 | Lair:1   | Reached skill level 15 in Axes
 19415 | Lair:2   | Slain by a komodo dragon

Illustrated notes

Levels and vault maps discovered:
D:1:      elethiomel_arrival_maze, layout_basic, serial_shops, shop,
          minmay_crystal_room, minmay_misc_feat_ornament, serial_bayou_pond_b,
          minmay_pentomino_z2
D:2:      layout_basic, serial_bayou_pond_a
D:3:      layout_loops_ring, overflow_temple_1_default,
          nicolae_uskayaw_suspiria, mainiacjoe_overflow_catwalk
D:4:      layout_basic, nemelex_dance_club_becter, serial_shops,
          nicolae_shop_behind_doors
D:5:      layout_cave_pools, minmay_splitting_lines, minmay_misc_feat_square,
          serial_bayou_pond_b, minmay_misc_feat_nine_boxes
D:6:      layout_loops_ring, uniq_sigmund
D:7:      layout_basic, minmay_temple_entry_mist
D:8:      layout_loops_ring
D:9:      layout_grid_maze, lair_entry_dummy, enter_bailey_3, special_room
          [special_room_orc]
D:10:     layout_roguey, mainiacjoe_overflow_brackets, david_orc_1_choice
D:11:     layout_stronghold, enter_trove_0
D:12:     layout_loops_ring, gammafunk_ghost_wrathful_warriors, uniq_frances
Lair:1:   layout_chaotic_city
Lair:2:   layout_cave_pods, guppyfry_snake_entry_island

Skill      XL: |  1  2  3  4  5  6  7  8  9 10 11 12 13 |
---------------+----------------------------------------+-----
Fighting       | 1 2 3 4 |  4.8
Stealth        | 2 3 4 |  4.0
Spellcasting   | 2 3 4 |  4.2
Fire Magic     | 4 5 6 7 8 9 10 11 | 11.4
Conjurations   | 2 3 4 6 7 8 |  8.6
Axes           | 4 8 10 13 14 15 | 15.1
Invocations    | 1 4 6 8 10 | 10.3
Hexes          | 2 |  2.0
Armour         | 3 5 |  5.9
Dodging        | |  1.5

Action                   |  1- 3 |  4- 6 |  7- 9 | 10-12 | 13-15 || total
-------------------------+-------+-------+-------+-------+-------++-------
Melee: Unarmed           |     1 |       |       |       |       ||     1
       Dagger            |    18 |    64 |    19 |       |       ||   101
       Flail             |       |       |    24 |       |       ||    24
       War axe           |       |       |    38 |   361 |    15 ||   414
       Punch             |       |       |     1 |     4 |       ||     5
 Cast: Foxfire           |    55 |    40 |   163 |   239 |    17 ||   514
       Scorch            |     1 |     8 |    51 |   139 |     4 ||   203
       Inner Flame       |       |       |     1 |     2 |       ||     3
Invok: Heroism           |       |       |     1 |     2 |       ||     3
       Finesse           |       |       |       |     1 |       ||     1
       Duel              |       |       |       |     1 |       ||     1
  Use: Scroll            |     1 |       |     4 |    17 |       ||    22
       Potion            |       |     1 |       |     3 |     1 ||     5
 Stab: Sleeping          |       |     1 |       |       |       ||     1
       Invisible         |       |     1 |       |       |       ||     1
Armor: Robe              |     3 |       |       |       |       ||     3
       Leather armour    |     1 |       |       |       |       ||     1
       Ring mail         |       |    16 |    38 |   210 |     7 ||   271
Dodge: Dodged            |    18 |    30 |    43 |   254 |     9 ||   354
